 Dungeon Crawl Stone Soup version 0.22-a0-303-g4a852b3 (webtiles) character file.

98247 CanOfBees the Brawler (level 16, -2/154 HPs)
             Began as a Ghoul Monk on Mar 26, 2018.
             Was a High Priest of Okawaru.
             Slain by a bog body (14 damage)
             ... on level 2 of the Swamp on Mar 27, 2018.
             The game lasted 01:09:40 (27626 turns).

CanOfBees the Brawler (Ghoul Monk)                 Turns: 27626, Time: 01:09:41

Health: -2/154     AC: 16    Str: 27    XL:     16   Next: 21%
Magic:  23/23      EV:  8    Int: 18    God:    Okawaru [*****.]
Gold:   1418       SH:  0    Dex: 15    Spells: 15/15 levels left

rFire    . . .     SeeInvis .     - Unarmed
rCold    + + .     Gourm    .   (no shield)
rNeg     + + +     Faith    .   A - +4 chain mail {rN+}
rPois    ∞         Spirit   .   o - +0 helmet
rElec    .         Reflect  .   O - +0 cloak of Benevolence {+Blink rC+ Str+3}
rCorr    .         Harm     .   (no gloves)
MR       +....                  (no boots)
Stlth    ..........             V - amulet of Amuall {Acrobat Int+7}
HPRegen  0.00/turn              k - ring of Ashenzari's Pride {EV-3 Int+6 Dex+4 Slay+2}
MPRegen  0.18/turn              R - +2 ring of strength

@: rotting, very slow
A: rotting body, claws 1, carnivore, cold resistance 1, negative energy
resistance 3, inhibited regeneration, torment resistance, unbreathing
a: Heroism, Finesse, Renounce Religion, Evoke Blink


You were on level 2 of the Swamp.
You worshipped Okawaru.
Okawaru was extremely pleased with you.
You were not hungry.

You visited 3 branches of the dungeon, and saw 23 of its levels.
You also visited: Labyrinth and Ossuary.

You collected 1418 gold pieces.

Inventory:

Hand Weapons
 H - the +8 fustibalus "Moosipae" {flame, Dex+4}
   (Okawaru gifted it to you on level 9 of the Dungeon)

   It causes projectiles fired from it to burn those they strike, causing extra
   injury to most foes and up to half again as much damage against particularly
   susceptible opponents.
   It affects your dexterity (+4).
Missiles
 m - 19 javelins
 s - 55 sling bullets
 u - 12 javelins of returning
 y - 12 tomahawks (quivered)
 K - 8 javelins of penetration
Armour
 o - a +0 helmet (worn)
 A - a +4 chain mail of positive energy (worn)
 O - the +0 cloak of Benevolence (worn) {+Blink rC+ Str+3}
   (You found it on level 13 of the Dungeon)

   It affects your strength (+3).
   It protects you from cold.
   It lets you blink.
Jewellery
 k - the ring of Ashenzari's Pride (left claw) {EV-3 Int+6 Dex+4 Slay+2}
   (You took it off a minotaur in a labyrinth)

   [ring of evasion]

   It affects your evasion (-3).
   It affects your intelligence (+6).
   It affects your dexterity (+4).
   It affects your accuracy and damage with ranged weapons and melee attacks
   (+2).
 E - an uncursed ring of protection from fire
 R - a +2 ring of strength (right claw)
 V - the amulet of Amuall (around neck) {Acrobat Int+7}
   (You found it on level 6 of the Lair of Beasts)

   [amulet of the acrobat]

   It helps you evade while moving and waiting.
   It affects your intelligence (+7).
 W - an uncursed ring of protection from cold
Wands
 F - a wand of enslavement (12)
 I - a wand of disintegration (1)
 J - a wand of acid (3)
 L - a wand of random effects (29)
 M - a wand of flame (10)
 N - a wand of digging (8)
 U - a wand of iceblast (9)
 Y - a wand of paralysis (30)
Scrolls
 c - 3 scrolls of blinking
 d - 11 scrolls of teleportation
 g - 3 scrolls of magic mapping
 h - 11 scrolls of remove curse
 l - 3 scrolls of holy word
 p - a scroll of fear
 v - a scroll of vulnerability {unknown}
 x - a scroll of immolation {unknown}
 z - a scroll of summoning {unknown}
 B - 2 scrolls of torment
 P - a scroll of acquirement {unknown}
 X - a scroll of brand weapon {unknown}
 Z - 3 scrolls of fog
Potions
 a - 2 potions of agility
 b - 9 potions of brilliance
 e - a potion of cancellation {unknown}
 f - 6 potions of haste
 j - 5 potions of curing
 t - 2 potions of ambrosia
 w - 4 potions of flight
 C - 2 potions of invisibility {unknown}
 D - a potion of degeneration {unknown}
 G - 4 potions of magic
 T - a potion of might {unknown}
Miscellaneous
 S - a phial of floods
Comestibles
 n - 40 rations


   Skills:
 + Level 16.9 Fighting
 - Level 8.0 Throwing
 - Level 5.0 Armour
 - Level 5.0 Dodging
 - Level 2.1 Stealth
 + Level 16.9 Unarmed Combat
 - Level 11.8 Invocations
 - Level 7.5 Evocations


You had 15 spell levels left.
You didn't know any spells.

Dungeon Overview and Level Annotations

Branches:
Dungeon (15/15)            Temple (0/1) D:6            Lair (6/6) D:9
  Swamp (2/4) Lair:4        Snake (0/4) Lair:2          Orc (0/2) D:11
 Vaults (0/5) D:14         Depths (0/5) D:15
  Slime: Lair:5-6

Altars:
Ashenzari
Dithmenos
Hepliaklqana
Nemelex Xobeh
Okawaru
Qazlal
Ru
Sif Muna
Xom
Yredelemnul
The Shining One

Portals:
Trove: D:15 (give 4 potions of resistance)

Annotations:
Lair:5 exclusion: 2 oklob plants


Innate Abilities, Weirdness & Mutations

Your body is rotting away.
You thrive on raw meat.
You are immune to poison.
You have sharp fingernails.
You are carnivorous and can eat meat at any time.
Your flesh is cold resistant. (rC+)
You are immune to negative energy. (rN+++)
You do not regenerate when monsters are visible.
You are immune to unholy pain and torment.
You can survive without breathing.


Message History

* * * LOW HITPOINT WARNING * * *
You enter the shallow water.
Moving in this stuff is going to be slow.
The bog body completely misses you.
The bog body touches you but does no damage.
The bog body hits you!
* * * LOW HITPOINT WARNING * * *
The bog body touches you but does no damage.
Things that are here:
a vampire mosquito corpse; a tyrant leech corpse Your unstable footing causes you to fumble your attack.
You closely miss the bog body.
The bog body hits you but does no damage.
The bog body touches you but does no damage.
You barely miss the bog body. The bog body hits you!
* * * LOW HITPOINT WARNING * * *
The bog body touches you but does no damage.
Unknown command.
You feel better.
The insubstantial wisp blinks!
The bog body hits you!
You die...

≈≈≈y
≈.≈.♣≈≈.≈.≈.≈
≈≈≈≈
≈.≈.≈≈≈.≈§≈≈
≈≈≈≈
≈.≈.≈≈......
≈...
≈.♣≈..≈v≈≈.♣
y≈≈
..≈...§≈♣≈.?
♣≈ ≈
.≈≈≈≈.≈.... .
≈≈
♣.≈≈≈≈.≈≈≈≈♣
.%.
..≈≈.≈≈≈≈n@♣
.≈≈≈≈≈≈.≈†.♣
.≈≈≈≈≈§.≈≈♣♣
..≈≈......♣
≈≈≈.≈≈...♣♣
≈§♣≈≈♣.≈.♣
≈.≈≈≈≈≈..♣
≈.♣≈≈≈≈.♣♣
♣.≈≈.≈≈≈♣


You could see a bog body and an insubstantial wisp.

Vanquished Creatures
  The ghost of fictitious the Grappler, a journeyman TrMo (Lair:6)
  Nessos (Lair:5)
  A minotaur (Lab)
  Josephine (Lair:4)
  A fire dragon (D:14)
  The ghost of felt the Cleaver, a journeyman HOFi of Qazlal (D:8)
  A yaktaur captain (D:15)
  Fannar (Lair:1)
  8 hydras
  3 centaur warriors
  A merfolk avatar (Lair:6)
  7 two-headed ogres
  An alligator (Swamp:2)
  9 death yaks (Lair:6)
  3 tengu warriors
  4 sea snakes
  2 unseen horrors (D:12)
  2 shambling mangroves (Swamp:1)
  9 skeletal warriors
  3 swamp dragons (Swamp:1)
  A harpy (Lair:6)
  2 ugly things
  An oklob plant (Lair:5)
  A deep elf mage (D:13)
  An orc knight (D:15)
  2 cyclopes
  A manticore (D:11)
  A moth of wrath (shapeshifter) (D:14)
  A black mamba (Lair:1)
  4 elephants (Lair:6)
  4 centaur zombies
  16 spiny frogs
  2 gargoyles
  5 rime drakes
  4 yaktaurs
  11 komodo dragons
  4 tengu conjurers
  A polar bear (Lair:5)
  A queen bee (D:13)
  3 trolls
  3 meliai (D:13)
  7 hornets
  Grinder (D:3)
  2 bog bodies
  4 slime creatures
  2 tyrant leeches
  13 blink frogs
  4 dream sheep (Lair:6)
  11 hippogriffs
  A centaur simulacrum (D:14)
  5 wraiths
  3 wyverns
  60 yaks
  2 basilisks
  12 humans (D:11)
  16 vampire mosquitoes
  4 hungry ghosts
  8 insubstantial wisps
  An acid dragon (D:11)
  3 soldier ants (D:10)
  10 swamp worms
  17 water moccasins
  9 porcupines
  The ghost of ivailo365 the Ducker, an amateur FeBe of Trog (D:4)
  4 black bears
  4 orc warriors
  A phantom (D:6)
  2 swamp drakes (Swamp:1)
  3 ice beasts
  6 ogres
  7 sky beasts
  9 wolves
  5 boggarts
  10 centaurs
  The ghost of Sirlyart the Shield-Bearer, an amateur GrFi of Nemelex Xobeh (D:3)
  19 crocodiles
  4 big kobolds (D:14)
  11 bullfrogs
  A gnoll sergeant (D:10)
  A wyvern skeleton (D:11)
  4 water moccasin zombies
  5 scorpions
  25 killer bees
  3 electric eels
  9 wights
  4 howler monkeys
  9 crimson imps
  A bullfrog zombie (D:12)
  10 orc priests
  8 hounds
  8 orc wizards
  3 bullfrog skeletons
  7 centaur skeletons
  15 jellies
  5 iguanas
  9 worker ants
  2 killer bee zombies
  A big kobold zombie (Ossuary)
  A hound zombie (D:7)
  A hound skeleton (D:6)
  A worker ant zombie (D:7)
  2 mummies (Ossuary)
  14 adders
  11 gnolls
  3 shadow imps
  13 oozes (Lair:2)
  7 adder zombies
  An adder skeleton (D:4)
  4 worms
  3 dart slugs
  7 leopard geckos
  48 orcs
  9 giant cockroaches
  2 gnoll zombies (Ossuary)
  5 goblins
  6 hobgoblins
  14 jackals
  16 kobolds
  6 quokkas
  2 ball pythons
  9 bats
  2 frilled lizards (D:1)
  4 hobgoblin zombies (Ossuary)
  5 kobold zombies (Ossuary)
  A leopard gecko skeleton (D:4)
  9 orc zombies (Ossuary)
  6 rats
  A fungus (Lair:4)
  A plant (Lair:6)
755 creatures vanquished.

Vanquished Creatures (others)
  An ogre mage (D:14)
  A swamp drake (Swamp:2)
  Duvessa (D:6)
  Dowan (D:6)
  11 fungi
  17 plants
32 creatures vanquished.

Grand Total: 787 creatures vanquished

Notes
Turn   | Place    | Note
-------+----------+-------------------------------------------
     0 | D:1      | CanOfBees the Ghoul Monk began the quest for the Orb.
     0 | D:1      | Reached XP level 1. HP: 19/19 MP: 0/0
   197 | D:1      | Reached XP level 2. HP: 26/26 MP: 1/1
   659 | D:2      | Found a sacrificial altar of Ru.
   669 | D:2      | Reached XP level 3. HP: 33/33 MP: 2/2
   838 | D:2      | Found a stormy altar of Qazlal.
   840 | D:2      | Found a basalt altar of Yredelemnul.
   840 | D:2      | Found a shadowy altar of Dithmenos.
   841 | D:2      | Found a deep blue altar of Sif Muna.
   841 | D:2      | Found a shimmering altar of Xom.
   841 | D:2      | Found an iron altar of Okawaru.
   878 | D:2      | Became a worshipper of Warmaster Okawaru
   878 | D:2      | Reached * piety under Okawaru
   878 | D:2      | Reached ** piety under Okawaru
   946 | D:2      | Found a shattered altar of Ashenzari.
   968 | D:2      | Reached XP level 4. HP: 34/40 MP: 3/3
  1235 | D:2      | Found a glowing golden altar of the Shining One.
  1379 | D:3      | Noticed Sirlyart's ghost (amateur GrFi)
  1647 | D:2      | You fall through a shaft!
  2033 | D:3      | Reached skill level 1 in Invocations
  2201 | D:3      | Noticed Grinder
  2355 | D:3      | Killed Sirlyart's ghost
  2355 | D:3      | Reached XP level 5. HP: 42/47 MP: 1/5
  2654 | D:3      | Killed Grinder
  2654 | D:3      | Reached skill level 5 in Fighting
  2654 | D:3      | Reached skill level 5 in Unarmed Combat
  2654 | D:3      | Reached XP level 6. HP: 45/56 MP: 3/7
  2975 | D:4      | Reached XP level 7. HP: 39/62 MP: 8/8
  3250 | D:4      | Noticed ivailo365's ghost (amateur FeBe)
  3264 | D:4      | Killed ivailo365's ghost
  3264 | D:4      | Reached *** piety under Okawaru
  3486 | D:4      | Found a hazy altar of Hepliaklqana.
  3911 | D:5      | Entered Level 5 of the Dungeon
  4321 | D:5      | Reached XP level 8. HP: 61/71 MP: 10/10
  4544 | D:5      | Reached skill level 5 in Invocations
  4700 | D:5      | Reached skill level 1 in Throwing
  5475 | D:6      | Killed Dowan
  5625 | D:6      | Killed Duvessa
  5868 | D:6      | Found a staircase to the Ecumenical Temple.
  6285 | D:7      | Reached **** piety under Okawaru
  6285 | D:7      | Reached XP level 9. HP: 74/78 MP: 12/12
  6296 | D:7      | Found a sand-covered staircase.
  6306 | Ossuary  | Entered an ossuary
  6678 | D:7      | Found a sparkling altar of Nemelex Xobeh.
  7088 | D:7      | Reached skill level 1 in Armour
  7611 | D:8      | Noticed felt's ghost (journeyman HOFi)
  7626 | D:8      | Killed felt's ghost
  7626 | D:8      | Reached ***** piety under Okawaru
  7626 | D:8      | Reached skill level 5 in Throwing
  7626 | D:8      | Reached XP level 10. HP: 45/90 MP: 12/14
  7810 | D:8      | Noticed a two-headed ogre
  7825 | D:8      | Killed a two-headed ogre
  8481 | D:9      | Found Osmiyn's Gadget Shoppe.
  8552 | D:9      | Received a gift from Okawaru
  8555 | D:9      | Got an ichor-stained fustibalus {god gift}
  8561 | D:9      | Identified the +8 fustibalus "Moosipae" {flame, Dex+4} (Okawaru gifted it to you on level 9 of the Dungeon)
  8832 | D:9      | Reached XP level 11. HP: 67/97 MP: 16/16
  9025 | D:9      | Received a gift from Okawaru
  9547 | D:9      | Found a staircase to the Lair.
  9773 | D:10     | Entered Level 10 of the Dungeon
  9784 | D:10     | Reached skill level 10 in Fighting
 10098 | D:10     | Reached skill level 10 in Unarmed Combat
 10628 | Lair:1   | Entered Level 1 of the Lair of Beasts
 10674 | Lair:1   | Noticed an eight-headed hydra
 10695 | Lair:1   | Killed an eight-headed hydra
 10817 | Lair:1   | Received a gift from Okawaru
 10874 | Lair:1   | Reached XP level 12. HP: 64/107 MP: 18/18
 10983 | Lair:1   | Reached skill level 10 in Invocations
 10992 | Lair:1   | Noticed Fannar
 11019 | Lair:1   | Killed Fannar
 11019 | Lair:1   | Received a gift from Okawaru
 11114 | Lair:1   | Reached skill level 5 in Dodging
 11327 | Lair:1   | Received a gift from Okawaru
 11555 | Lair:1   | Upgraded the game from 0.22-a0-301-gf0fe05c to 0.22-a0-303-g4a852b3
 11581 | Lair:2   | Noticed an eight-headed hydra
 11590 | Lair:2   | Killed an eight-headed hydra
 11841 | Lair:2   | Found a staircase to the Snake Pit.
 12044 | Lair:2   | Noticed a four-headed hydra
 12055 | Lair:2   | Killed a four-headed hydra
 12744 | Lair:2   | Found an iron altar of Okawaru.
 12981 | Lair:2   | Received a gift from Okawaru
 13834 | Lair:3   | Noticed an eight-headed hydra
 13861 | Lair:3   | Killed an eight-headed hydra
 13861 | Lair:3   | Received a gift from Okawaru
 13861 | Lair:3   | Reached XP level 13. HP: 65/118 MP: 13/20
 13875 | Lair:3   | Got a transparent longbow {god gift}
 13877 | Lair:3   | Identified the +8 longbow of Bankruptcy {flame, rF+++ Str-4 SInv Stlth+} (Okawaru gifted it to you on level 3 of the Lair of Beasts)
 14624 | Lair:4   | Noticed Josephine
 14642 | Lair:4   | Killed Josephine
 14642 | Lair:4   | Reached skill level 1 in Evocations
 14953 | Lair:4   | Found a staircase to the Swamp.
 15644 | Lair:4   | Received a gift from Okawaru
 15951 | Lair:5   | Noticed Nessos
 15955 | Lair:5   | Killed Nessos
 15955 | Lair:5   | Reached ****** piety under Okawaru
 17634 | Lair:6   | Entered Level 6 of the Lair of Beasts
 18037 | Lair:5   | Received a gift from Okawaru
 18109 | Lair:6   | Reached skill level 5 in Armour
 18157 | Lair:5   | Received a gift from Okawaru
 18396 | Lair:6   | Reached XP level 14. HP: 88/129 MP: 21/21
 18432 | Lair:6   | Received a gift from Okawaru
 18442 | Lair:6   | Got a pair of polished boots {god gift}
 18449 | Lair:6   | Identified the +2 pair of boots of Okawaru's Esteem {-Tele +Inv Str+4} (Okawaru gifted it to you on level 6 of the Lair of Beasts)
 18559 | Lair:6   | Noticed fictitious's ghost (journeyman TrMo)
 18578 | Lair:6   | Killed fictitious's ghost
 18706 | Lair:6   | Reached skill level 5 in Evocations
 19408 | Lair:6   | Got a heavily runed platinum amulet
 19575 | Lair:6   | Identified the amulet of Amuall {Acrobat Int+7} (You found it on level 6 of the Lair of Beasts)
 19927 | D:11     | Found a labyrinth entrance.
 19936 | Lab      | Entered a labyrinth
 20930 | Lab      | Received a gift from Okawaru
 20932 | Lab      | Got a sparkling golden ring
 20933 | Lab      | Identified the Compendium of Supportive Conjuration
 20957 | Lab      | Identified the cursed ring of Ashenzari's Pride {EV-3 Int+6 Dex+4 Slay+2} (You took it off a minotaur in a labyrinth)
 21129 | D:11     | Found a staircase to the Orcish Mines.
 21140 | D:11     | Found a runed door.
 21219 | D:11     | Received a gift from Okawaru
 21325 | D:11     | Found a runed door.
 21361 | D:11     | Found a runed door.
 21372 | D:11     | Found a runed door.
 21373 | D:11     | Found a runed door.
 22702 | D:12     | Reached XP level 15. HP: 59/139 MP: 22/22
 23444 | D:13     | Got an ancient cloak
 23447 | D:13     | Identified the +0 cloak of Benevolence {+Blink rC+ Str+3} (You found it on level 13 of the Dungeon)
 23635 | D:13     | Reached skill level 15 in Fighting
 23635 | D:13     | Reached skill level 15 in Unarmed Combat
 24341 | D:14     | Received a gift from Okawaru
 24464 | D:14     | Received a gift from Okawaru
 24478 | D:14     | Identified the +0 pair of boots of Wrong Decisions {rPois rN+ rCorr Int+8} (Okawaru gifted it to you on level 14 of the Dungeon)
 25102 | D:14     | Found a gate to the Vaults.
 25252 | D:15     | Entered Level 15 of the Dungeon
 25285 | D:15     | Found a staircase to the Depths.
 25832 | D:15     | Found a shadowy altar of Dithmenos.
 25912 | D:15     | Found an iron altar of Okawaru.
 26079 | D:15     | Found a portal to a secret trove of treasure.
 26522 | Swamp:1  | Entered Level 1 of the Swamp
 26556 | Swamp:1  | Reached XP level 16. HP: 115/152 MP: 23/23
 27254 | Swamp:1  | Received a gift from Okawaru
 27625 | Swamp:2  | HP: 1/154 [bog body (11)]
 27626 | Swamp:2  | Slain by a bog body

Vault maps used:
D:1:      elethiomel_arrival_quiet, minivault_14
D:2:      nicolae_ru_awakened_eye, nicolae_overflow_crystal_walls,
          grunt_temple_overflow_open, nicolae_tso_carved_into_rock
D:3:      uniq_grinder
D:4:      overflow_temple_1_default, minmay_misc_feat_more_columns
D:5:      first_ration
D:6:      lemuel_temple_firewalk_b, hex_large, kennysheep_opposing_triangles,
          uniq_crazy_yiuf_cottage, uniq_duvessa
D:7:      nemelex_xobeh_ov_fountains_minmay, chequers_ossuary_entry_cave
D:8:      nicolae_overflow_hidden_temple
D:9:      minmay_lair_entry_grove, serial_shops, nicolae_shop_crystal
D:10:     hangedman_pestilent_swarm
D:11:     erik_cavepeople, lab_entry_generic, grunt_decor_arrowhead,
          hangedman_abyss_or_decor_stagger
D:13:     special_room
D:14:     hangedman_vaults_entry_quadrant_bands, grunt_ministairs_1
D:15:     grunt_enter_depths_snipers, nicolae_trove_entry_crystal,
          okawaru_ov_weapons_minmay, grunt_dithmenos_smoke
Lair:1:   infiniplex_staircase_pool_2, lemuel_fruit_tree, uniq_fannar
Lair:2:   lemuel_slime, guppyfry_snake_entry_garden, basic_altar,
          nicolae_lair_grove_arrangements, grunt_megastairs_5
Lair:3:   beast_lair_carwin_4, serial_bayou_shore_b, serial_bayou_shore_a
Lair:4:   nicolae_swamp_entry_splash_gauntlet, st_stairs_6, minivault_27,
          uniq_josephine
Lair:5:   minmay_slime_entry_oklob_enclosed, uniq_nessos
Lair:6:   gammafunk_lair_ancient_temple, kilobyte_rumbling_trees
Swamp:1:  hangedman_swamp_blocks, infiniplex_staircase_pool
Swamp:2:  nicolae_swamp_round_clearing
Lab:      labyrinth_watery, nicolae_lab_starburst
Ossuary:  ossuary_tomb_2

Skill      XL: |  1  2  3  4  5  6  7  8  9 10 11 12 13 14 15 |
---------------+----------------------------------------------+-----
Dodging        | 3 4 5 |  5.0
Unarmed Combat | 4 5 6 7 8 9 10 12 13 14 16 | 16.9
Fighting       | 4 5 6 7 8 9 10 12 13 14 16 | 16.9
Invocations    | 2 3 4 6 7 8 9 11 | 11.8
Throwing       | 2 5 7 8 |  8.0
Armour         | 2 3 5 |  5.0
Evocations     | 4 7 |  7.5
Stealth        | |  2.1

Action                   |  1- 3 |  4- 6 |  7- 9 | 10-12 | 13-15 | 16-18 || total
-------------------------+-------+-------+-------+-------+-------+-------++-------
Melee: Unarmed           |   107 |   135 |   480 |   750 |  1324 |   140 ||  2936
       Punch             |     3 |     1 |    19 |    32 |   106 |     9 ||   170
       Halberd           |       |       |     6 |       |       |       ||     6
 Fire: Fustibalus        |       |       |       |    64 |     4 |       ||    68
Throw: Tomahawk          |       |       |     2 |     4 |    35 |       ||    41
       Javelin           |       |       |     1 |    17 |     3 |       ||    21
       Throwing net      |       |       |       |     1 |       |       ||     1
Invok: Heroism           |       |     4 |     7 |    13 |    25 |     1 ||    50
       Finesse           |       |       |       |     8 |    15 |       ||    23
Evoke: Wand              |       |       |       |     5 |    25 |     4 ||    34
  Use: Scroll            |       |       |     6 |     4 |    20 |     1 ||    31
       Potion            |       |       |     1 |     3 |     6 |     1 ||    11
 Stab: Sleeping          |     1 |     2 |       |       |       |       ||     3
       Held in net/web   |       |       |       |     1 |       |       ||     1
       Paralysed         |       |       |       |       |     1 |       ||     1
       Confused          |       |       |       |       |     1 |       ||     1
  Eat: Chunk             |    16 |    15 |    61 |   147 |   313 |    33 ||   585
       Ration            |       |     1 |       |     2 |     7 |       ||    10
Armor: Robe              |    12 |       |       |       |       |       ||    12
       Ring mail         |    23 |    53 |     8 |       |       |       ||    84
       Scale mail        |       |       |    51 |       |       |       ||    51
       Chain mail        |       |       |   103 |   346 |   618 |   107 ||  1174
Dodge: Dodged            |    85 |    94 |   190 |   272 |   705 |   136 ||  1482

Table legend:
 A = Spawn XP
 B = Non-spawn XP
 C = Spawn XP percentage of total XP
 D = Spawn monster count
 E = Non-spawn monster count
 F = Spawn count percentage of total count
 G = Total turns spent on level
                    A         B        C        D         E        F      G
               +---------+---------+-------+---------+---------+-------+---------
         Total |       0 |  140353 |   0.0 |       0 |     754 |   0.0 | 27626
               +---------+---------+-------+---------+---------+-------+---------
           D:1 |       0 |      24 |   0.0 |       0 |      15 |   0.0 |   584
           D:2 |       0 |      83 |   0.0 |       0 |      25 |   0.0 |  1363
           D:3 |       0 |     447 |   0.0 |       0 |      24 |   0.0 |   931
           D:4 |       0 |     431 |   0.0 |       0 |      18 |   0.0 |  1033
           D:5 |       0 |     471 |   0.0 |       0 |      15 |   0.0 |   984
           D:6 |       0 |     829 |   0.0 |       0 |      20 |   0.0 |  1352
           D:7 |       0 |    1005 |   0.0 |       0 |      29 |   0.0 |   924
           D:8 |       0 |    2452 |   0.0 |       0 |      16 |   0.0 |   995
           D:9 |       0 |    6535 |   0.0 |       0 |      45 |   0.0 |  1401
          D:10 |       0 |    1830 |   0.0 |       0 |      28 |   0.0 |   873
          D:11 |       0 |    9312 |   0.0 |       0 |      58 |   0.0 |  1257
          D:12 |       0 |    7722 |   0.0 |       0 |      48 |   0.0 |  1177
          D:13 |       0 |    9340 |   0.0 |       0 |      55 |   0.0 |   924
          D:14 |       0 |   14334 |   0.0 |       0 |      46 |   0.0 |   983
          D:15 |       0 |   11668 |   0.0 |       0 |      28 |   0.0 |  1081
        Lair:1 |       0 |    7467 |   0.0 |       0 |      25 |   0.0 |  1103
        Lair:2 |       0 |    5708 |   0.0 |       0 |      39 |   0.0 |  1570
        Lair:3 |       0 |    8252 |   0.0 |       0 |      38 |   0.0 |  1450
        Lair:4 |       0 |    7118 |   0.0 |       0 |      27 |   0.0 |  1321
        Lair:5 |       0 |    8377 |   0.0 |       0 |      27 |   0.0 |  2336
        Lair:6 |       0 |   20815 |   0.0 |       0 |      48 |   0.0 |  1527
       Swamp:1 |       0 |   11523 |   0.0 |       0 |      35 |   0.0 |   945
       Swamp:2 |       0 |    2982 |   0.0 |       0 |      12 |   0.0 |   159
           Lab |       0 |    1277 |   0.0 |       0 |       1 |   0.0 |  1030
       Ossuary |       0 |     351 |   0.0 |       0 |      32 |   0.0 |   323
               +---------+---------+-------+---------+---------+-------+---------
